TOP OF THE 1ST |
Augusta GreenJackets batting - Pitching for Lakewood BlueClaws : RHP Seizaburo Takahashi
|
Pitching: RHP Seizaburo Takahashi
|
|
Batting: LHB J.P. Olson
|
0-0: Ball 1-0: Fly out, F4 (Popup, 4MD, EV 45.6 MPH)
|
Batting: LHB Gil Caraveo
|
0-0: Called Strike 0-1: Swinging Strike 0-2: Ball 1-2: Strikes out swinging
|
Batting: RHB Mike Buchanan
|
0-0: Fly out, F9 (Line Drive, 9, EV 93.1 MPH)
|
Top of the 1st over - 0 runs, 0 hits, 0 errors, 0 left on base; Augusta 0 - Lakewood 0 |
BOTTOM OF THE 1ST |
Lakewood BlueClaws batting - Pitching for Augusta GreenJackets : RHP Rick Madden
|
Pitching: RHP Rick Madden
|
|
Batting: RHB Chris Myers
|
0-0: Called Strike 0-1: Ball 1-1: Ground out 5-3 (Groundball, 56, EV 86.9 MPH)
|
Batting: LHB Jose Carlos
|
0-0: Fly out, F6 (Popup, 56, EV 66.2 MPH)
|
Batting: RHB Danny Krug
|
0-0: Fly out, F7 (Flyball, 78XD, EV 90.6 MPH)
|
Bottom of the 1st over - 0 runs, 0 hits, 0 errors, 0 left on base; Augusta 0 - Lakewood 0 |
TOP OF THE 2ND |
Augusta GreenJackets batting - Pitching for Lakewood BlueClaws : RHP Seizaburo Takahashi
|
Batting: LHB Jared Paige
|
0-0: Ground out 2-3 (Groundball, 2L, EV 70.0 MPH)
|
Batting: RHB Josh Lippens
|
0-0: Ground out 4-3 (Groundball, 4D, EV 96.2 MPH)
|
Batting: RHB Devin Lowery
|
0-0: Ball 1-0: Swinging Strike 1-1: Swinging Strike 1-2: Ball 2-2: Strikes out swinging
|
Top of the 2nd over - 0 runs, 0 hits, 0 errors, 0 left on base; Augusta 0 - Lakewood 0 |
BOTTOM OF THE 2ND |
Lakewood BlueClaws batting - Pitching for Augusta GreenJackets : RHP Rick Madden
|
Batting: LHB Josh George
|
0-0: Swinging Strike 0-1: Ball 1-1: Called Strike 1-2: Ball 2-2: Foul Ball, location: 2F 2-2: Ball 3-2: Strikes out swinging, 2-3 out at first.
|
Batting: RHB Matt McDevitt
|
0-0: Called Strike 0-1: Swinging Strike 0-2: Ball 1-2: Strikes out swinging
|
Batting: RHB Manny Mendoza
|
0-0: Fly out, F8 (Flyball, 8LD, EV 105.6 MPH)
|
Bottom of the 2nd over - 0 runs, 0 hits, 0 errors, 0 left on base; Augusta 0 - Lakewood 0 |
TOP OF THE 3RD |
Augusta GreenJackets batting - Pitching for Lakewood BlueClaws : RHP Seizaburo Takahashi
|
Batting: RHB Micah McErlean
|
0-0: Ball 1-0: Called Strike 1-1: Swinging Strike 1-2: Strikes out swinging
|
Batting: RHB Gabe Ochoa
|
0-0: Ball 1-0: Foul Ball, location: 2F 1-1: Swinging Strike 1-2: SINGLE (Groundball, 56D, EV 105.0 MPH)
|
Batting: RHB Ryan Johnston
|
0-0: Ball 1-0: Foul Ball, location: 2F 1-1: Called Strike 1-2: Ball 2-2: Fielders Choice at 2nd, 4-6 (Groundball, 4, EV 80.6 MPH)
|
Batting: LHB J.P. Olson
|
0-0: Called Strike 0-1: Foul Ball, location: 2F 0-2: Foul Ball, location: 2F 0-2: Fly out, F8 (Line Drive, 8LM, EV 108.1 MPH)
|
Top of the 3rd over - 0 runs, 1 hit, 0 errors, 1 left on base; Augusta 0 - Lakewood 0 |
BOTTOM OF THE 3RD |
Lakewood BlueClaws batting - Pitching for Augusta GreenJackets : RHP Rick Madden
|
Batting: RHB Prabhukumar Santhanakrishnan
|
0-0: Called Strike 0-1: Called Strike 0-2: Ball 1-2: Foul Ball, location: 2F 1-2: Ball 2-2: Foul Ball, location: 2F 2-2: Ball 3-2: DOUBLE (Flyball, 89XD, EV 113.1 MPH)
|
Batting: RHB Gary Hills
|
0-0: Swinging Strike 0-1: Foul Ball, location: 2F 0-2: Ball 1-2: Fly out, F1 (Popup, P, EV 83.8 MPH)
|
Batting: RHB Pablo Lopez
|
0-0: Ball 1-0: Called Strike Prabhukumar Santhanakrishnan steals 3rd base 1-1: Ground out U3 (Groundball, 34S, EV 92.5 MPH) Prabhukumar Santhanakrishnan scores
|
Batting: RHB Chris Myers
|
0-0: Ball 1-0: Foul Ball, location: 2F 1-1: Fly out, F7 (Flyball, 7S, EV 71.2 MPH)
|
Bottom of the 3rd over - 1 run, 1 hit, 0 errors, 0 left on base; Augusta 0 - Lakewood 1 |
TOP OF THE 4TH |
Augusta GreenJackets batting - Pitching for Lakewood BlueClaws : RHP Seizaburo Takahashi
|
Batting: LHB Gil Caraveo
|
0-0: Called Strike 0-1: Ground out 3-1 (Groundball, 34, EV 93.1 MPH)
|
Batting: RHB Mike Buchanan
|
0-0: Fly out, F8 (Line Drive, 8LD, EV 92.5 MPH)
|
Batting: LHB Jared Paige
|
0-0: Called Strike 0-1: Swinging Strike 0-2: Strikes out swinging
|
Top of the 4th over - 0 runs, 0 hits, 0 errors, 0 left on base; Augusta 0 - Lakewood 1 |
BOTTOM OF THE 4TH |
Lakewood BlueClaws batting - Pitching for Augusta GreenJackets : RHP Rick Madden
|
Batting: LHB Jose Carlos
|
0-0: Called Strike 0-1: Ball 1-1: Fly out, F8 (Flyball, 8LM, EV 88.8 MPH)
|
Batting: RHB Danny Krug
|
0-0: Foul Ball, location: 2F 0-1: Ball 1-1: Foul Ball, location: 2F 1-2: Foul Ball, location: 2F 1-2: Fly out, F7 (Flyball, 78M, EV 80.6 MPH)
|
Batting: LHB Josh George
|
0-0: Foul Ball, location: 2F 0-1: Ball 1-1: Called Strike 1-2: Strikes out looking
|
Bottom of the 4th over - 0 runs, 0 hits, 0 errors, 0 left on base; Augusta 0 - Lakewood 1 |
TOP OF THE 5TH |
Augusta GreenJackets batting - Pitching for Lakewood BlueClaws : RHP Seizaburo Takahashi
|
Batting: RHB Josh Lippens
|
0-0: Ball 1-0: Reached on error, E4 (Groundball, 34, EV 83.8 MPH)
|
Batting: RHB Devin Lowery
|
0-0: Fly out, F4 (Popup, 13, EV 70.6 MPH)
|
Batting: RHB Micah McErlean
|
0-0: Ground out 6-3 (Groundball, 6, EV 100.6 MPH)
|
Batting: RHB Gabe Ochoa
|
0-0: Called Strike 0-1: Ground out 1-3 (Groundball, P, EV 61.9 MPH)
|
Top of the 5th over - 0 runs, 0 hits, 1 error, 1 left on base; Augusta 0 - Lakewood 1 |
BOTTOM OF THE 5TH |
Lakewood BlueClaws batting - Pitching for Augusta GreenJackets : RHP Rick Madden
|
Batting: RHB Matt McDevitt
|
0-0: Fly out, F9 (Flyball, 9S, EV 78.1 MPH)
|
Batting: RHB Manny Mendoza
|
0-0: Ball 1-0: Swinging Strike 1-1: Ball 2-1: Ball 3-1: Foul Ball, location: 2F 3-2: Reached on error, E4 (Groundball, 4, EV 85.0 MPH)
|
Batting: RHB Prabhukumar Santhanakrishnan
|
0-0: Ball 1-0: Ball 2-0: Foul Ball, location: 2F 2-1: Foul Ball, location: 2F 2-2: Strikes out swinging
|
Batting: RHB Gary Hills
|
0-0: Swinging Strike 0-1: Called Strike 0-2: Foul Ball, location: 2F 0-2: Ball 1-2: Ground out 3-1 (Groundball, 34, EV 86.9 MPH)
|
Bottom of the 5th over - 0 runs, 0 hits, 1 error, 1 left on base; Augusta 0 - Lakewood 1 |
TOP OF THE 6TH |
Augusta GreenJackets batting - Pitching for Lakewood BlueClaws : RHP Seizaburo Takahashi
|
Batting: RHB Ryan Johnston
|
0-0: Foul Ball, location: 2F 0-1: Ball 1-1: Swinging Strike 1-2: Fly out, F8 (Flyball, 8RM, EV 83.8 MPH)
|
Batting: LHB J.P. Olson
|
0-0: Ground out 4-3 (Groundball, 4, EV 86.9 MPH)
|
Batting: LHB Gil Caraveo
|
0-0: Fly out, F2 (Popup, 25F, EV 84.4 MPH)
|
Top of the 6th over - 0 runs, 0 hits, 0 errors, 0 left on base; Augusta 0 - Lakewood 1 |
BOTTOM OF THE 6TH |
Lakewood BlueClaws batting - Pitching for Augusta GreenJackets : RHP Rick Madden
|
Batting: RHB Pablo Lopez
|
0-0: Ball 1-0: Fly out, F6 (Line Drive, 6, EV 71.2 MPH)
|
Batting: RHB Chris Myers
|
0-0: Foul Ball, location: 2F 0-1: Fly out, F8 (Line Drive, 8RD, EV 91.2 MPH)
|
Batting: LHB Jose Carlos
|
0-0: Ball 1-0: Foul Ball, location: 2F 1-1: Ball 2-1: Foul Ball, location: 2F 2-2: Foul Ball, location: 2F 2-2: SINGLE (Groundball, 34D, EV 102.5 MPH)
|
Batting: RHB Danny Krug
|
0-0: Ball 1-0: SINGLE (Flyball, 3D, EV 90.0 MPH) Jose Carlos to second Runner from 2nd tries for 3rd, SAFE, throw by RF made to third
|
Batting: LHB Josh George
|
0-0: Called Strike 0-1: Called Strike 0-2: Ball 1-2: Ground out 4-3 (Groundball, 4, EV 84.4 MPH)
|
Bottom of the 6th over - 0 runs, 2 hits, 0 errors, 2 left on base; Augusta 0 - Lakewood 1 |
TOP OF THE 7TH |
Augusta GreenJackets batting - Pitching for Lakewood BlueClaws : RHP Seizaburo Takahashi
|
Batting: RHB Mike Buchanan
|
0-0: Called Strike 0-1: Ball 1-1: SINGLE (Groundball, 34D, EV 95.6 MPH)
|
Batting: LHB Jared Paige
|
0-0: Ball 1-0: Foul Ball, location: 2F 1-1: Ball 2-1: Ball 3-1: SINGLE (Line Drive, 6M, EV 95.6 MPH) Mike Buchanan to second
|
Batting: RHB Josh Lippens
|
0-0: Ball 1-0: Foul Ball, location: 2F 1-1: Swinging Strike 1-2: Strikes out swinging
|
Pinch Hitting: LHB Pong-keun Koh
|
0-0: Ball 1-0: Called Strike 1-1: Ball 2-1: Ball 3-1: Fly out, F8 (Flyball, 78M, EV 94.4 MPH)
|
Batting: RHB Micah McErlean
|
0-0: Called Strike 0-1: Ball 1-1: Swinging Strike 1-2: SINGLE (Groundball, 56D, EV 98.1 MPH) Mike Buchanan to third Jared Paige to second Runner from 3rd tries for Home, SAFE, throw by LF to home
|
Batting: RHB Gabe Ochoa
|
0-0: Ground out 5-3 (Groundball, 56, EV 87.5 MPH)
|
Top of the 7th over - 1 run, 3 hits, 0 errors, 2 left on base; Augusta 1 - Lakewood 1 |
BOTTOM OF THE 7TH |
Lakewood BlueClaws batting - Pitching for Augusta GreenJackets : RHP Rick Madden
|
Pitching: RHP Josh Aronhalt
|
|
Now at 1B: Jonathan Reece
|
|
Batting: RHB Matt McDevitt
|
0-0: Called Strike 0-1: Ball 1-1: Ball 2-1: SINGLE (Groundball, 34D, EV 101.2 MPH)
|
Batting: RHB Manny Mendoza
|
0-0: Ball 1-0: Reached on error, E5 (Groundball, 56S, EV 84.4 MPH) Matt McDevitt to second
|
Pinch Hitting: LHB Tsuneharu Nishimura
|
0-0: Ball 1-0: Called Strike 1-1: Ball 2-1: Ball 3-1: Called Strike 3-2: Base on Balls Matt McDevitt to third Manny Mendoza to second
|
Pinch Hitting: SHB Matt Sybrant
|
0-0: Ball Wild Pitch! Matt McDevitt scores Manny Mendoza to third Tsuneharu Nishimura to second 1-0: Intentional Walk
|
Batting: RHB Pablo Lopez
|
0-0: Swinging Strike 0-1: Called Strike 0-2: SINGLE (Groundball, 13, EV 85.6 MPH) (infield hit) Manny Mendoza scores Tsuneharu Nishimura to third Matt Sybrant to second
|
Batting: RHB Chris Myers
|
0-0: Called Strike 0-1: Grounds into fielders choice 4-2 (Groundball, 6, EV 85.0 MPH) Matt Sybrant to third Pablo Lopez to second
|
Batting: LHB Jose Carlos
|
0-0: Ball 1-0: Swinging Strike 1-1: Foul Ball, location: 2F 1-2: Strikes out swinging
|
Batting: RHB Danny Krug
|
0-0: Ball 1-0: Ball 2-0: Foul Ball, location: 2F 2-1: Ground out U3 (Groundball, 34D, EV 101.2 MPH)
|
Bottom of the 7th over - 2 runs, 2 hits, 1 error, 3 left on base; Augusta 1 - Lakewood 3 |
TOP OF THE 8TH |
Augusta GreenJackets batting - Pitching for Lakewood BlueClaws : RHP Seizaburo Takahashi
|
Now at 3B: Mike Rueth
|
|
Now in CF: Pedro Mata
|
|
Now in RF: Matt Sybrant
|
|
Batting: RHB Ryan Johnston
|
0-0: Ground out 4-3 (Groundball, 4, EV 106.2 MPH)
|
Batting: LHB J.P. Olson
|
0-0: Ball 1-0: DOUBLE (Flyball, 78XD, EV 97.5 MPH)
|
Batting: LHB Gil Caraveo
|
0-0: Called Strike 0-1: Ball 1-1: Ball 2-1: Ground out 4-3 (Groundball, 4, EV 85.0 MPH) J.P. Olson to third
|
Pitching: RHP Ricardo Dominguez
|
|
Batting: RHB Mike Buchanan
|
0-0: Called Strike 0-1: Ball 1-1: Called Strike 1-2: Ground out 5-3 (Groundball, 56, EV 86.2 MPH)
|
Top of the 8th over - 0 runs, 1 hit, 0 errors, 1 left on base; Augusta 1 - Lakewood 3 |
BOTTOM OF THE 8TH |
Lakewood BlueClaws batting - Pitching for Augusta GreenJackets : RHP Josh Aronhalt
|
Pitching: LHP Kyle Worford
|
|
Batting: RHB Pedro Mata
|
0-0: Ball 1-0: Called Strike 1-1: Swinging Strike 1-2: Ball 2-2: Strikes out swinging
|
Batting: RHB Matt McDevitt
|
0-0: Ball 1-0: Fly out, F8 (Flyball, 78S, EV 83.8 MPH)
|
Batting: RHB Manny Mendoza
|
0-0: Called Strike 0-1: Swinging Strike 0-2: Fly out, F9 (Flyball, 9LM, EV 83.8 MPH)
|
Bottom of the 8th over - 0 runs, 0 hits, 0 errors, 0 left on base; Augusta 1 - Lakewood 3 |
TOP OF THE 9TH |
Augusta GreenJackets batting - Pitching for Lakewood BlueClaws : RHP Ricardo Dominguez
|
Pitching: RHP Roberto Ruiz
|
|
Batting: LHB Jared Paige
|
0-0: Called Strike 0-1: Swinging Strike 0-2: Ball 1-2: Ball 2-2: Ball 3-2: Base on Balls
|
Batting: RHB Josh Lippens
|
0-0: Called Strike 0-1: Ball 1-1: Foul Ball, location: 2F 1-2: Ball 2-2: Foul Ball, location: 2F 2-2: DOUBLE (Line Drive, 78D, EV 113.1 MPH) Jared Paige to third
|
Batting: RHB Jonathan Reece
|
0-0: Swinging Strike 0-1: Ground out 4-3 (Groundball, 4, EV 81.9 MPH) Jared Paige scores Josh Lippens to third
|
Batting: RHB Micah McErlean
|
0-0: Ball Passed Ball! Josh Lippens scores 1-0: Called Strike 1-1: Ball 2-1: Ball 3-1: Foul Ball, location: 2F 3-2: Base on Balls
|
Batting: RHB Gabe Ochoa
|
0-0: Reached on error, E2 (Groundball, 2R, EV 70.6 MPH) Micah McErlean to third
|
Batting: RHB Ryan Johnston
|
0-0: Ball 1-0: Called Strike 1-1: Swinging Strike 1-2: Strikes out swinging
|
Batting: LHB J.P. Olson
|
0-0: Intentional Walk
|
Batting: LHB Gil Caraveo
|
0-0: Ball 1-0: Swinging Strike 1-1: Foul Ball, location: 2F 1-2: Ball 2-2: Fly out, F8 (Flyball, 8RD, EV 106.9 MPH)
|
Top of the 9th over - 2 runs, 1 hit, 1 error, 3 left on base; Augusta 3 - Lakewood 3 |
BOTTOM OF THE 9TH |
Lakewood BlueClaws batting - Pitching for Augusta GreenJackets : LHP Kyle Worford
|
Pitching: RHP John Bittinger
|
|
Batting: SHB Mike Rueth
|
0-0: Ball 1-0: Ground out 4-3 (Groundball, 4, EV 86.9 MPH)
|
Batting: SHB Matt Sybrant
|
0-0: Ball 1-0: Ball 2-0: Ball 3-0: Base on Balls
|
Batting: RHB Pablo Lopez
|
0-0: Ball 1-0: Called Strike 1-1: Ball 2-1: Fly out, F6 (Popup, 6M, EV 66.9 MPH)
|
Batting: RHB Chris Myers
|
0-0: DOUBLE (Groundball, 5L, EV 103.8 MPH) Matt Sybrant to third Runner from 3rd tries for Home, SAFE, throw by LF to trailing runner, SAFE at third!
|
Bottom of the 9th over - 1 run, 1 hit, 0 errors, 0 left on base; Augusta 3 - Lakewood 4 |
|
Game Over ... Lakewood defeats Augusta, 4 to 3
|
|
|